 Dungeon Crawl Stone Soup version 0.21.1-1-g345015f (webtiles) character file.

81 Mirai the Magician (level 4, -2/24 HPs)
             Began as a Deep Elf Conjurer on Mar 23, 2018.
             Slain by a big kobold (5 damage)
             ... on level 3 of the Dungeon.
             The game lasted 00:08:58 (1479 turns).

Mirai the Magician (Deep Elf Conjurer)              Turns: 1479, Time: 00:08:58

Health: -2/24      AC:  2    Str:  5    XL:     4   Next: 20%
Magic:  24/29      EV: 13    Int: 21    God:
Gold:   28         SH:  0    Dex: 15    Spells: 14/15 levels left

rFire    . . .     SeeInvis .   k - staff of power
rCold    . . .     Gourm    +   (no shield)
rNeg     . . .     Faith    .   a - +0 robe
rPois    .         Spirit   .   (no helmet)
rElec    .         Reflect  .   (no cloak)
rCorr    .         Harm     .   (no gloves)
MR       .....                  (no boots)
Stlth    ++........             m - amulet of the gourmand
HPRegen  0.08/turn              (no ring)
MPRegen  0.21/turn              (no ring)

@: no status effects
A: no striking features
a: no special abilities


You were on level 3 of the Dungeon.
You were very full.

You visited 1 branch of the dungeon, and saw 3 of its levels.

You collected 28 gold pieces.

Inventory:

Hand Weapons
 g - a +0 short sword
 h - a +0 short sword
 j - a +0 dagger
Armour
 a - a +0 robe (worn)
Magical Staves
 k - an uncursed staff of power (weapon)
Jewellery
 m - an amulet of the gourmand (around neck)
Wands
 o - a wand of enslavement (13)
Scrolls
 e - 2 scrolls of identify {unknown}
 n - a scroll of amnesia {unknown}
Potions
 d - 2 potions of haste {unknown}
 f - a potion of curing {unknown}
 i - a potion of degeneration {unknown}
 l - a potion of resistance {unknown}
Books
 b - a book of Conjurations

   Spells                             Type                      Level
   a - Magic Dart                     Conjuration                  1
   b - Searing Ray                    Conjuration                  2
   c - Dazzling Spray                 Conjuration/Hexes            3
   d - Fulminant Prism                Conjuration/Hexes            4
   e - Force Lance                    Conjuration/Translocation    4
   f - Iskenderun's Mystic Blast      Conjuration                  4
Comestibles
 c - 3 rations


   Skills:
 - Level 2.4 Dodging
 - Level 2.4 Stealth
 + Level 6.2 Spellcasting
 - Level 4.3 Conjurations


You had 14 spell levels left.
You knew the following spells:

 Your Spells              Type           Power        Failure   Level  Hunger
a - Magic Dart            Conj           ###.         1%          1    None


Dungeon Overview and Level Annotations

Branches:
Dungeon (3/15)

Altars:
Makhleb
Trog


Message History

Aim: a big kobold (moderately wounded)
The magic dart hits the big kobold.
The big kobold is moderately wounded.
The big kobold hits you.
* * * LOW HITPOINT WARNING * * *
Unknown command.
You see here 2 stones.
A frilled lizard comes into view.
Okay, then.
The big kobold hits you.
* * * LOW HITPOINT WARNING * * *
Casting: Magic Dart
Confirm with . or Enter, or press ? or * to list all spells.
Aiming: Magic Dart
Press: ? - help, Shift-Dir - straight line, f/p - big kobold
Aim: a big kobold (moderately wounded)
The magic dart hits the big kobold.
The big kobold is heavily wounded.
The big kobold hits you.
You die...

#####...................#
.........................
#############..........###.####†#
.......................# #.# #.#
.......................###.# #.#
..............####.#(....#.# #.#
..# ####.....# #.#.....#.# #.#
.(####........####.#.....#.# #.#
.(.............K@..#.....# #.#
##.###...#########.......# #.#
...###############........ ..#
.........÷................
##.###############........ #.#
#........ #.# #......## #.#
#......# ... #......#


You could see a big kobold.

Vanquished Creatures
  A hound (D:2)
  An adder (D:2)
  7 worms (D:2)
  A giant cockroach (D:2)
  A goblin (D:1)
  A hobgoblin (D:2)
  4 jackals (D:3)
  2 frilled lizards
  3 kobolds
  6 rats
27 creatures vanquished.

Notes
Turn   | Place    | Note
-------+----------+-------------------------------------------
     0 | D:1      | Mirai the Deep Elf Conjurer began the quest for the Orb.
     0 | D:1      | Reached XP level 1. HP: 10/10 MP: 6/6
   217 | D:1      | You fall through a shaft!
   244 | D:2      | Found a burning altar of Makhleb.
   286 | D:2      | Reached skill level 4 in Spellcasting
   286 | D:2      | Reached XP level 2. HP: 8/15 MP: 7/9
   436 | D:2      | Reached skill level 5 in Spellcasting
   436 | D:2      | Reached XP level 3. HP: 3/19 MP: 11/11
   837 | D:2      | Noticed a moth of wrath
   840 | D:2      | Found a bloodstained altar of Trog.
  1218 | D:2      | Reached skill level 6 in Spellcasting
  1218 | D:2      | Reached XP level 4. HP: 22/24 MP: 14/14
  1448 | D:3      | Noticed a big kobold
  1479 | D:3      | Slain by a big kobold

Skill      XL: |  1  2  3 |
---------------+----------+-----
Spellcasting   | 4 5 6 |  6.2
Dodging        | |  2.4
Stealth        | |  2.4
Conjurations   | |  4.3

Action                   |  1- 3 |  4- 6 || total
-------------------------+-------+-------++-------
Melee: Short sword       |     7 |       ||     7
       Staff             |     2 |     7 ||     9
 Cast: Magic Dart        |    67 |    24 ||    91
  Eat: Chunk             |     7 |     2 ||     9
Armor: Robe              |     2 |     2 ||     4
Dodge: Dodged            |    23 |    22 ||    45
